 Dungeon Crawl Stone Soup version 0.31-a0-986-g5e6e4ef867 (webtiles) character file.

Game seed: 9508372287470683079

36 wildpjah the Slasher (level 3, 0/27 HPs)
             Began as a Demonspawn Gladiator on Nov 22, 2023.
             Succumbed to a kobold's poison
             ... on level 1 of the Dungeon.
             The game lasted 00:01:56 (530 turns).

wildpjah the Slasher (Demonspawn Gladiator)          Turns: 530, Time: 00:01:56

Health: 0/27       AC:  5    Str: 14    XL:     3   Next: 19%
Magic:  3/3        EV: 12    Int:  9    God:
Gold:   43         SH:  0    Dex: 16    Spells: 2/2 levels left

rFire   . . .        a - +0 long sword
rCold   . . .        (no shield)
rNeg    . . .        b - +0 leather armour
rPois   .            c - +0 helmet
rElec   .            (no cloak)
rCorr   .            j - +0 pair of gloves
SInv    .            (no boots)
Will    .....        (no amulet)
Stlth   +            (no ring)
HPRegen 0.24/turn    (no ring)
MPRegen 0.08/turn

%: no passive effects
@: lethally poisoned (0 -> -22)
A: ignite blood 1, weakness stinger 1
a: no special abilities


You were on level 1 of the Dungeon.
You visited 1 branch of the dungeon, and saw 1 of its levels.

You collected 43 gold pieces.

Inventory:

Hand Weapons
 a - a +0 long sword (weapon)
Missiles
 d - 3 throwing nets (quivered)
 e - a javelin
Armour
 b - a +0 leather armour (worn)
 c - a +0 helmet (worn)
 j - a +0 pair of gloves (worn)
Scrolls
 f - a scroll of identify {unknown}
 h - a scroll of brand weapon {unknown}
 k - a scroll of enchant weapon {unknown}
Potions
 g - 2 potions of curing {unknown}
 i - 2 potions of might {unknown}


   Skills:
 + Level 2.3 Fighting
 + Level 3.4 Long Blades
 + Level 1.8 Throwing
 + Level 0.7 Armour
 + Level 2.8 Dodging
 + Level 0.1 Stealth


You had 2 spell levels left.
You didn't know any spells.
Your spell library was empty.

Dungeon Overview and Level Annotations

Branches:
Dungeon (1/15)

Altars:


Innate Abilities, Weirdness & Mutations

Your demonic aura sometimes causes spilled blood to erupt in flames.
You have a small tail.


Message History

You continue putting on your +0 pair of gloves. x4
You finish putting on your +0 pair of gloves.
You slash the quokka!
You kill the quokka!
No target in view!
k - a scroll labelled WAWILE YL YNAK You now have 43 gold pieces (gained 16).
You open the door.
An endoplasm comes into view.
Found a scroll labelled DAMYADIOLUST.
Found a stone staircase leading down.
A kobold and an endoplasm come into view.
The kobold is wielding a +0 short sword of venom.
The kobold shouts!
The endoplasm quivers.
There is an open door here.
You completely miss the kobold. The kobold barely misses you.
You completely miss the kobold.
The kobold hits you with a +0 short sword of venom.
You are poisoned.
The kobold hits you but does no damage.
You are more poisoned.
You hit the kobold but do no damage.
You feel very sick.
The kobold hits you with a +0 short sword of venom.
You are more poisoned.
The endoplasm closely misses you.
You miss the kobold.
You feel very sick. The kobold hits you but does no damage.
You are lethally poisoned!
The endoplasm hits you but does no damage.
You barely miss the kobold.
You feel very sick.
The kobold hits you with a +0 short sword of venom.
* * * LOW HITPOINT WARNING * * *
You are more poisoned.
The endoplasm hits you but does no damage.
The endoplasm hits you.
* * * LOW HITPOINT WARNING * * *
You die...

.........#
.........######## #.
.#............... .
#######.######## .
#........... ##+#.
#.#.########
.....#####.#.#
.......#.....#
......K#@#.#########
#..>.J°...........#
#...?J###.#########
#..... #.# ######
###


You could see 2 endoplasms.

Vanquished Creatures
  A dart slug (D:1)
  3 ball pythons (D:1)
  3 giant cockroaches (D:1)
  A goblin (D:1)
  9 jackals (D:1)
  4 kobolds (D:1)
  2 quokkas (D:1)
  3 frilled lizards (D:1)
  4 rats (D:1)
30 creatures vanquished.

Notes
Turn   | Place    | Note
-------+----------+-------------------------------------------
     0 | D:1      | wildpjah the Demonspawn Gladiator began the quest for the
                  | Orb.
     0 | D:1      | Reached XP level 1. HP: 16/16 MP: 1/1
    58 | D:1      | Reached skill level 3 in Long Blades
    65 | D:1      | Gained mutation: Your demonic aura sometimes causes spilled
                  | blood to erupt in flames. [demonic ancestry]
    65 | D:1      | Reached XP level 2. HP: 15/22 MP: 2/2
   380 | D:1      | Gained mutation: You have a small tail. [demonic ancestry]
   380 | D:1      | Reached XP level 3. HP: 25/27 MP: 3/3
   394 | D:1      | Found a faded altar of an unknown god.
   396 | D:1      | Noticed an eye of devastation
   396 | D:1      | Noticed a shining eye
   397 | D:1      | Noticed an eye of devastation
   397 | D:1      | Noticed a shining eye
   530 | D:1      | Succumbed to a kobold's poison

Illustrated notes

Levels and vault maps discovered:
D:1:      dpeg_arrival_round_a, layout_basic,
          hellmonk_ecumenical_altar_watching_god

Skill      XL: |  1 |
---------------+----+-----
Long Blades    | 3 |  3.4
Fighting       | |  2.3
Throwing       | |  1.8
Armour         | |  0.7
Dodging        | |  2.8
Stealth        | |  0.1

Action                     || total
---------------------------++-------
  Melee: Long sword        ||    83
         Tailslap          ||     1
   Stab: Sleeping          ||     1
 Armour: Leather armour    ||    73
  Dodge: Dodged            ||    89

Table legend: (Time is in decaauts)
 A = Elapsed time spent in this place.
 B = Non-inter-level travel time spent in this place.
 C = Inter-level travel time spent in this place.
 D = Time resting spent in this place.
 E = Time spent auto-exploring this place.
 F = Levels seen in this place.
 G = Mean time per level.
                   A        B        C        D        E       F      G
               +--------+--------+--------+--------+--------+-----+--------+
         Total |    550 |    550 |      0 |      0 |    324 |   1 |  550.0 |
       Dungeon |    550 |    550 |      0 |      0 |    324 |   1 |  550.0 |
               +--------+--------+--------+--------+--------+-----+--------+

Top non-repeatable levels by time:
     D:1: 550 daAuts
